cohdb
Replays
Latest Replays
All Replays
Popular Replays
Top Player Replays
Match Explorer
How It Works
Community
CoH3 Stats
Reddit
Sign in to upload your games and track your stats! →
Sign in with Steam
Match 37287876
Unlisted
Match 37287876
Overview
Messages
Build Orders
End
Construct Weapon Support Center
Selects Special Operations Battlegroup
Selects M29 Weasel Recon Vehicle
M1919 Machine Gun Team
M29 Weasel Recon Vehicle
M1919 Machine Gun Team
M1919 Machine Gun Team
Infantry Support Center
Construct Barracks
Engineer Squad
Construct Medical Station
Grenade Package
Bazooka Squad
M1918 Browning Automatic Rifles
Riflemen Squad
Munitions Surplus
Riflemen Squad
Riflemen Squad
Construct Motor Pool
Selects P-47 Anti-Infantry Loiter
M1919 Machine Gun Team
M1 Anti-tank Gun Team
Engineer Squad
Euph0ria
nflteen62722
Joe College
geeroc
愛宕私の妻です
Kim Jong-un
0
0
Comments
sign in to comment!
No comments posted yet!